cohdb
Replays
Latest Replays
All Replays
Popular Replays
Top Player Replays
Match Explorer
How It Works
Community
CoH3 Stats
Reddit
Sign in to upload your games and track your stats! →
Sign in with Steam
Match 42927813
Unlisted
Match 42927813
Overview
Messages
Build Orders
End
Vickers Machine Gun Team
Construct Section Command Post
Dingo Light Scout Car
ML 3-inch Mortar Team
Dingo Light Scout Car
Construct Platoon Command Post
Selects Air and Sea Battlegroup
Selects Supply Surplus
Construct Resource Cache
Construct Resource Cache
CMP 15cwt Truck
6-pounder Anti-tank Gun Team
Selects Commando Section Paradrop
Selects Commando Support Section Paradrop
Commando Support Section Paradrop
Infantry Training
Team Weapon Training
Vickers Machine Gun Team
Commando Support Section Paradrop
CMP 15cwt Truck
Construct Resource Cache
Construct Resource Cache
Manganu
快乐人民
王二崔一
蓬萊山輝月
Door
sos{china}
Valar[M]orgHulis
SASU
0
0
Comments
sign in to comment!
No comments posted yet!